[Event "December 12 Late 2023"]
[Site "https://www.chess.com"]
[Date "2023.12.12"]
[Round "4"]
[White "Luxama, Jacques Muller"]
[Black "Khater, Sherif"]
[Result "0-1"]
[Board "83"]
[TimeControl "180+1"]
[WhiteFideId "11900113"]
[BlackFideId "2034280"]
[WhiteElo "2142"]
[BlackElo "2564"]
[WhiteTeam "HAI"]
[BlackTeam "USA"]
[WhiteClock "0:00:29"]
[BlackClock "0:01:22"]

1. e4 a6 2. d4 c6 3. Nc3 d5 4. e5 Bf5 5. Nce2 e6 6. Ng3 Bg6 7. Be3 Nd7 8. h4 h6 9. Nh3 Ne7 10. Nf4 Bh7 11. Bd3 Bxd3 12. Qxd3 c5 13. c3 Nc6 14. h5 cxd4 15. cxd4 Bb4+ 16. Ke2 O-O 17. a3 Be7 18. Rag1 Rc8 19. Nf1 Qb6 20. b4 a5 21. b5 Na7 22. a4 Rc4 23. g4 Rxa4 24. Kf3 Ra3 25. Qd2 Nxe5+ 26. dxe5 d4 27. Kg3 dxe3 28. Nxe3 Bc5 29. Re1 Bb4 30. Qb2 Nxb5 31. Rd1 Nc3 32. Rd3 Ne4+ 33. Kg2 Rxd3 34. Nxd3 Rd8 35. Nxb4 axb4 36. Rc1 Rd2 37. Rc2 Qxe3 38. Rxd2 Qxd2 0-1

[Event "December 12 Late 2023"]
[Site "https://www.chess.com"]
[Date "2023.12.12"]
[Round "4"]
[White "Estrada Nieto, Julian"]
[Black "Bhandari, Krish"]
[Result "1-0"]
[Board "84"]
[TimeControl "180+1"]
[WhiteFideId "5101018"]
[BlackFideId "30955106"]
[WhiteElo "2544"]
[BlackElo "2120"]
[WhiteTeam "ESP"]
[BlackTeam "USA"]
[WhiteClock "0:00:22"]
[BlackClock "0:00:30"]

1. e4 e5 2. Nf3 Nc6 3. Bb5 Nf6 4. O-O d6 5. d4 Bd7 6. Nc3 exd4 7. Nxd4 Be7 8. Bxc6 bxc6 9. Qf3 O-O 10. e5 dxe5 11. Nxc6 Bxc6 12. Qxc6 Qd6 13. Qc4 Rad8 14. Bg5 h6 15. Bxf6 Bxf6 16. Rad1 Qb6 17. b3 c6 18. Ne4 Be7 19. c3 Qb5 20. Qxb5 cxb5 21. Rfe1 f6 22. Kf1 Kf7 23. Ke2 f5 24. Nd2 Bf6 25. c4 bxc4 26. Nxc4 Ke6 27. f3 g5 28. g4 fxg4 29. fxg4 Rd4 30. Rxd4 exd4 31. Kd3+ Kd5 32. Rf1 Bg7 33. Rxf8 Bxf8 34. h3 Bb4 35. a3 Bf8 36. b4 Be7 37. Na5 Bd8 38. Nb3 Bb6 39. a4 a6 40. Nd2 Bd8 41. Nf3 Bf6 42. Ne1 Be7 43. Nc2 Bf6 44. Na3 Be7 45. Nc2 Bf6 46. Na1 Be7 47. Nb3 Bxb4 48. Nxd4 Bf8 49. Nb3 Be7 50. Nd4 Kc5 51. Nf5 Bf8 52. Kc3 Kd5 53. Kd3 a5 54. Ne3+ Kc5 55. Kc3 Bg7+ 56. Kb3 Kd4 57. Nf5+ Ke4 58. Nxg7 Kf3 59. Nf5 Kg2 60. Nxh6 Kxh3 61. Kc4 Kh4 62. Kb5 Kg3 63. Kxa5 Kf4 64. Kb5 Ke5 65. Nf7+ Kf6 66. Nxg5 Kxg5 67. a5 Kxg4 68. a6 1-0

[Event "December 12 Late 2023"]
[Site "https://www.chess.com"]
[Date "2023.12.12"]
[Round "4"]
[White "Maksimovic, Bojan"]
[Black "Luong Phuong Hanh"]
[Result "1-0"]
[Board "85"]
[TimeControl "180+1"]
[WhiteFideId "14408120"]
[BlackFideId "12401013"]
[WhiteElo "2848"]
[BlackElo "2402"]
[WhiteTeam "BIH"]
[BlackTeam "VIE"]
[WhiteClock "0:01:14"]
[BlackClock "0:00:00"]

1. a3 e5 2. h3 d5 3. e3 Nc6 4. d4 e4 5. c4 Nf6 6. Nc3 Bf5 7. cxd5 Nxd5 8. Qb3 Nb6 9. Bb5 Be6 10. Qc2 f5 11. g4 g6 12. Nge2 Bg7 13. Nf4 Bf7 14. gxf5 gxf5 15. Rg1 O-O 16. Bxc6 bxc6 17. Nce2 Kh8 18. Bd2 Nc4 19. Bc3 Bf6 20. d5 Ne5 21. O-O-O c5 22. Ne6 Bxe6 23. dxe6 Qe7 24. Nf4 Rad8 25. Kb1 c6 26. Qa4 Nf3 27. Bxf6+ Qxf6 28. Rxd8 Rxd8 29. Rc1 Nd2+ 30. Ka2 c4 31. Qxc6 Rb8 32. Rc2 Nb3 33. Qxc4 Qe5 34. Qxb3 Rxb3 35. Kxb3 Kg7 36. Rc4 Kh6 37. Kc2 a6 38. b4 Qb5 39. Kb3 a5 40. a4 Qe5 41. bxa5 Qxa5 42. Rb4 Qc5 43. Rb5 Qc1 44. Rxf5 Qb1+ 45. Kc4 Qc2+ 46. Kd5 Qxa4 47. Ke5 Qc4 48. Nd5 Kg6 49. e7 Qa4 50. Rf8 Qa1+ 51. Kf4 1-0

[Event "December 12 Late 2023"]
[Site "https://www.chess.com"]
[Date "2023.12.12"]
[Round "4"]
[White "Nagare Kaivalya Sandip"]
[Black "Marchesich, Giovanni"]
[Result "1-0"]
[Board "86"]
[TimeControl "180+1"]
[WhiteFideId "25957929"]
[BlackFideId "2824790"]
[WhiteElo "2665"]
[BlackElo "2400"]
[WhiteTeam "IND"]
[BlackTeam "ITA"]
[WhiteClock "0:02:58"]
[BlackClock "0:02:14"]

1. e4 e5 2. Nf3 Nc6 3. Bb5 a6 4. Ba4 Bc5 5. c3 Nge7 6. d4 exd4 7. cxd4 Bb4+ 8. Nc3 d5 9. exd5 Nxd5 10. O-O O-O 11. Bg5 f6 12. Nxd5 fxg5 13. Bxc6 bxc6 14. Nxb4 Bg4 15. Qb3+ Kh8 16. Ne5 Bf5 17. Nf7+ 1-0

[Event "December 12 Late 2023"]
[Site "https://www.chess.com"]
[Date "2023.12.12"]
[Round "4"]
[White "Karttunen, Mika"]
[Black "Olsson, William"]
[Result "1-0"]
[Board "87"]
[TimeControl "180+1"]
[WhiteFideId "502081"]
[BlackFideId "1741721"]
[WhiteElo "2647"]
[BlackElo "2397"]
[WhiteTeam "FIN"]
[BlackTeam "SWE"]
[WhiteClock "0:01:17"]
[BlackClock "0:01:50"]

1. e4 c5 2. Nf3 d6 3. d4 cxd4 4. Nxd4 Nf6 5. Nc3 g6 6. Be3 Bg7 7. f3 O-O 8. Qd2 Nc6 9. O-O-O d5 10. exd5 Nxd5 11. Nxc6 bxc6 12. Bd4 e5 13. Bc5 Re8 14. Ne4 Qc7 15. g4 f5 16. gxf5 gxf5 17. Nd6 Rd8 18. Nxc8 Raxc8 19. Rg1 Kh8 20. Qg5 Qf7 21. Bh3 Nf4 22. Rxd8+ 1-0

[Event "December 12 Late 2023"]
[Site "https://www.chess.com"]
[Date "2023.12.12"]
[Round "4"]
[White "NovakRatko"]
[Black "Saravana, Krishnan P."]
[Result "1/2-1/2"]
[Board "88"]
[TimeControl "180+1"]
[BlackFideId "5018382"]
[WhiteElo "2383"]
[BlackElo "2620"]
[BlackTeam "IND"]
[WhiteClock "0:00:05"]
[BlackClock "0:00:09"]

1. d4 d5 2. c4 c6 3. cxd5 cxd5 4. Nc3 Nc6 5. f3 e6 6. Be3 Bb4 7. Bf2 Nf6 8. a3 Bxc3+ 9. bxc3 O-O 10. e3 Re8 11. Bd3 e5 12. Ne2 e4 13. fxe4 Nxe4 14. Bxe4 Rxe4 15. Ng3 Re8 16. O-O b6 17. Re1 Bb7 18. Qg4 Re6 19. e4 dxe4 20. Rxe4 Rg6 21. Qf4 Ne7 22. Re5 Nd5 23. Qd2 Rc8 24. Rc1 b5 25. Rce1 h6 26. Ne4 Nxc3 27. Nxc3 Rxg2+ 28. Kf1 Qf6 29. Re8+ Rxe8 30. Rxe8+ Kh7 31. d5 Rxh2 32. Kg1 Rh5 33. Re3 Qg5+ 34. Bg3 Rh3 35. Qd3+ f5 36. Kg2 Rh5 37. Rf3 Qg6 38. Qxb5 f4 39. Qxb7 fxg3 40. Qb1 Qxb1 41. Nxb1 Rxd5 42. Kxg3 Rb5 43. Nc3 Rb3 44. Nd5 Rb5 45. Nc7 Rc5 46. Ne6 Rc6 47. Nd4 Rd6 48. Nb5 Rd7 49. Rc3 a6 50. Nc7 a5 51. Kf3 g5 52. Nb5 Kg6 53. Kg4 h5+ 54. Kg3 h4+ 55. Kg4 Rf7 56. Rc6+ Rf6 57. Rxf6+ Kxf6 58. Nd6 Ke5 59. Nb7 a4 60. Nc5 Kd4 61. Nxa4 Kc4 62. Nb2+ Kb3 63. a4 Kb4 64. Nd3+ Kxa4 65. Ne5 Kb5 66. Nf3 Kc4 67. Nxg5 Kd3 68. Kxh4 1/2-1/2

[Event "December 12 Late 2023"]
[Site "https://www.chess.com"]
[Date "2023.12.12"]
[Round "4"]
[White "Akhayan, Ruben"]
[Black "Omelja, Artem"]
[Result "0-1"]
[Board "89"]
[TimeControl "180+1"]
[WhiteFideId "204439"]
[BlackFideId "14119846"]
[WhiteElo "2382"]
[BlackElo "2616"]
[WhiteTeam "BEL"]
[BlackTeam "UKR"]
[WhiteClock "0:00:00"]
[BlackClock "0:00:11"]

1. e4 c6 2. d4 d5 3. exd5 cxd5 4. c4 Nf6 5. Nc3 Nc6 6. Nf3 e6 7. c5 Be7 8. Bd3 O-O 9. O-O b6 10. Bb5 Bb7 11. Bxc6 Bxc6 12. b4 a5 13. b5 Be8 14. c6 Ne4 15. Qc2 f5 16. Ne5 Bd6 17. f3 Bxe5 18. dxe5 Nc5 19. Ba3 Rf7 20. Bxc5 bxc5 21. a4 Qb6 22. Kh1 g5 23. Ne2 Rg7 24. Rac1 c4 25. Rfd1 Bg6 26. Qd2 Rc7 27. Qxg5 Re8 28. Nf4 Qc5 29. Nxg6 Rg7 30. Qd2 hxg6 31. Qd4 Qxd4 32. Rxd4 Rb8 33. f4 Kf8 34. h4 Ke8 35. g3 Rb6 36. Kg2 Rh7 37. Kf3 Ke7 38. Rc3 Ke8 39. Kf2 Rc7 40. Ke3 Rh7 41. Rd2 Rg7 42. Kd4 Kd8 43. Kc5 Kc7 44. Kd4 Rb8 45. Ke3 Kb6 46. Kf2 Kc5 47. Rc1 d4 48. Kf3 Rc7 49. Kf2 Rd8 50. Kf3 Rd5 51. Kf2 Rc8 52. Kf3 Rcd8 53. Kf2 d3 54. Ke3 Rd4 55. Kf2 Kb6 56. Ke3 R8d5 57. Rc3 Re4+ 58. Kf3 Rd8 59. Rd1 Rc8 60. Rd2 Kc5 61. Rdxd3 Kb4 62. Re3 Rxe3+ 63. Rxe3 c3 64. Ke2 Kb3 65. Kd1 Kb2 66. Re2+ Kb1 67. Rf2 Rb8 68. Ke1 Rc8 69. Re2 c2 70. Rxc2 Kxc2 71. Ke2 Kb3 72. Kd3 Rc7 73. Kd4 Kb4 0-1

[Event "December 12 Late 2023"]
[Site "https://www.chess.com"]
[Date "2023.12.12"]
[Round "4"]
[White "Balla, Tamas-Kristof"]
[Black "Spata, German"]
[Result "1/2-1/2"]
[Board "90"]
[TimeControl "180+1"]
[WhiteFideId "1208497"]
[BlackFideId "113026"]
[WhiteElo "2380"]
[BlackElo "2610"]
[WhiteTeam "ROU"]
[BlackTeam "ARG"]
[WhiteClock "0:01:02"]
[BlackClock "0:00:04"]

1. e4 c5 2. c3 e6 3. d4 d5 4. exd5 Qxd5 5. Nf3 cxd4 6. cxd4 Nf6 7. Nc3 Qd6 8. Be3 Be7 9. Bd3 O-O 10. O-O Nc6 11. a3 b6 12. Qe2 Bb7 13. Rad1 Rac8 14. Bb1 Rfd8 15. Qd3 g6 16. Rfe1 Qb8 17. Ba2 Na5 18. Bg5 Kg7 19. Ne5 Qd6 20. Qh3 Bd5 21. Nxd5 Nxd5 22. Qh6+ Kg8 23. Ng4 Bxg5 24. Qxg5 Nc4 25. Qh6 Qf4 26. Qh4 h5 27. Bxc4 Qxg4 28. Qxg4 hxg4 29. Bxd5 Rxd5 30. Re4 Rc2 31. Rxg4 Rxb2 32. Rg3 Ra2 33. h3 Kg7 34. Rdd3 Ra1+ 35. Kh2 Ra2 36. Rgf3 Rf5 37. Rxf5 gxf5 38. Kg3 Kf6 39. Kf3 Rc2 40. h4 Ke7 41. g3 Kd6 42. Ke3 Kd5 43. f3 b5 44. Kf4 a5 45. h5 b4 46. axb4 axb4 47. h6 Kc4 48. Rd1 Rh2 49. Kg5 b3 50. Kf6 Rxh6+ 51. Kxf7 Rh3 52. Kxe6 Rxg3 53. f4 Rd3 54. Rc1+ Kxd4 55. Kxf5 b2 56. Rb1 Kc3 57. Kg6 Rg3+ 58. Kh6 Rh3+ 59. Kg5 Rg3+ 60. Kh6 Re3 61. f5 Rf3 62. Kg6 Kc2 63. Rxb2+ Kxb2 64. f6 Kc3 65. Kg7 Kd4 66. f7 Ke5 67. f8=Q Rxf8 68. Kxf8 1/2-1/2

[Event "December 12 Late 2023"]
[Site "https://www.chess.com"]
[Date "2023.12.12"]
[Round "4"]
[White "Buenafe Moya, Javier"]
[Black "Iskusnyh, Sergei"]
[Result "1/2-1/2"]
[Board "91"]
[TimeControl "180+1"]
[WhiteFideId "2206412"]
[BlackFideId "4120027"]
[WhiteElo "2375"]
[BlackElo "2582"]
[WhiteTeam "ESP"]
[BlackTeam "RUS"]
[WhiteClock "0:00:13"]
[BlackClock "0:00:05"]

1. c4 c5 2. Nc3 g6 3. Nf3 Bg7 4. d4 cxd4 5. Nxd4 Nc6 6. e3 Nf6 7. Be2 O-O 8. O-O d5 9. Nf3 dxc4 10. Bxc4 Bg4 11. a3 Rc8 12. Be2 Qb6 13. Qa4 Rfd8 14. Qb5 Qxb5 15. Nxb5 Ne4 16. Rd1 Rxd1+ 17. Bxd1 a6 18. h3 Bxf3 19. Bxf3 Nc5 20. Nc3 Nb3 21. Rb1 Ne5 22. Bxb7 Rb8 23. Bxa6 h5 24. e4 Nxc1 25. Rxc1 Rxb2 26. Nd5 e6 27. Nb4 g5 28. Nd3 Ra2 29. Nxe5 Bxe5 30. Bc4 Rxa3 31. Rc2 Ra1+ 32. Bf1 Kg7 33. g3 Bd4 34. Kg2 Kf6 35. Rd2 Ke5 36. Bd3 Bc3 37. Rc2 Ra3 38. Bb5 Kxe4 39. Be8 Kd3 40. Rc1 Ra7 41. Rd1+ Ke4 42. Rc1 Bd4 43. Rc2 Ke5 44. Bc6 Ra3 45. Re2+ Kd6 46. Bf3 h4 47. gxh4 gxh4 48. Bh5 Ke7 49. Rd2 Bb6 50. Rc2 Ra5 51. Be2 Rg5+ 52. Kh1 Bxf2 53. Rc4 Bg3 54. Bg4 Re5 55. Rc7+ Kf8 56. Ra7 f5 57. Bh5 Re3 58. Rf7+ Kg8 59. Re7 e5 60. Kg2 e4 61. Bg6 Re2+ 62. Kf1 Rf2+ 63. Kg1 Kf8 64. Rf7+ Kg8 65. Rxf5 Rh2 66. Rg5 e3 67. Bf5+ Kf7 68. Bg4 Kf6 69. Rf5+ Kg6 70. Ra5 e2 71. Ra6+ Kg5 72. Bxe2 Rxe2 73. Kf1 Re1+ 74. Kg2 Re2+ 75. Kg1 Rf2 76. Ra5+ Kf6 77. Ra4 Kf5 78. Ra5+ Be5 79. Kxf2 Ke4 80. Rxe5+ Kxe5 81. Kf3 Kf5 82. Kg2 Kg6 83. Kh1 Kg5 84. Kh2 Kf4 85. Kh1 Kg3 86. Kg1 Kxh3 87. Kh1 Kg3 88. Kg1 h3 89. Kh1 h2 1/2-1/2

[Event "December 12 Late 2023"]
[Site "https://www.chess.com"]
[Date "2023.12.12"]
[Round "4"]
[White "Nita, Lucian"]
[Black "Grinev, Valeriy"]
[Result "1/2-1/2"]
[Board "92"]
[TimeControl "180+1"]
[WhiteFideId "1206923"]
[BlackFideId "14117517"]
[WhiteElo "2363"]
[BlackElo "2580"]
[WhiteTeam "ROU"]
[BlackTeam "UKR"]
[WhiteClock "0:00:08"]
[BlackClock "0:00:16"]

1. e4 c5 2. c3 d5 3. d3 dxe4 4. dxe4 Qxd1+ 5. Kxd1 a6 6. Kc2 e6 7. Be3 Nc6 8. Nd2 b6 9. f3 Bb7 10. Nh3 Nge7 11. a4 Ng6 12. Nc4 b5 13. axb5 axb5 14. Rxa8+ Bxa8 15. Nb6 Bb7 16. Bxb5 Be7 17. Nf4 Ne5 18. Nc4 Nxc4 19. Bxc4 O-O 20. Ne2 Ne5 21. Bb5 Rb8 22. Bf4 Bf6 23. Ra1 g5 24. Bg3 Bxe4+ 25. fxe4 Rxb5 26. Ra8+ Kg7 27. Rc8 Nc4 28. b4 Ne3+ 29. Kd3 cxb4 30. cxb4 Nxg2 31. Kc4 Rb7 32. b5 Ne3+ 33. Kc5 Ra7 34. b6 Ra5+ 35. Kc6 Ra2 36. b7 Rc2+ 37. Kd7 Rd2+ 38. Ke8 Rxe2 39. b8=Q h5 40. Be5 Ng4 41. Bc3 Rxe4 42. Qb7 Nh6 43. Bxf6+ Kxf6 44. Qe7+ Kg6 45. Rc5 Rg4 46. h3 Rg3 47. Kf8 h4 48. Qa7 Rxh3 49. Qa1 f6 50. Qb1+ Nf5 51. Rc7 Ra3 52. Rg7+ Kh6 53. Rb7 Kg6 54. Ke8 h3 55. Kd7 g4 56. Kxe6 Re3+ 57. Kd7 Re7+ 58. Kc6 Rxb7 59. Qxb7 h2 60. Kd7 g3 61. Ke8 Kg5 62. Qf3 Ng7+ 63. Kf7 Nh5 64. Ke7 f5 65. Kd6 f4 66. Ke5 Kh4 67. Kf5 Kh3 68. Qxh5+ Kg2 69. Qe2+ Kg1 70. Qe1+ Kg2 71. Qe4+ Kg1 72. Qe1+ Kg2 73. Qe2+ Kg1 74. Qd1+ Kg2 75. Qe2+ 1/2-1/2

[Event "December 12 Late 2023"]
[Site "https://www.chess.com"]
[Date "2023.12.12"]
[Round "4"]
[White "Perea Fruet, Lorenzo"]
[Black "Rian, Kapriaga"]
[Result "1-0"]
[Board "93"]
[TimeControl "180+1"]
[WhiteFideId "24595870"]
[BlackFideId "7103263"]
[WhiteElo "2567"]
[BlackElo "2363"]
[WhiteTeam "ESP"]
[BlackTeam "INA"]
[WhiteClock "0:00:07"]
[BlackClock "0:00:10"]

1. f4 d5 2. Nf3 Nc6 3. d3 Bg4 4. Nbd2 Nf6 5. h3 Bxf3 6. Nxf3 e6 7. g4 Bd6 8. Bg2 h5 9. g5 Nd7 10. h4 g6 11. e4 Qe7 12. e5 Bc5 13. d4 Bb6 14. Be3 Qb4+ 15. Qd2 Qxb2 16. O-O O-O 17. Rfb1 Qa3 18. Bf1 Na5 19. Qe1 Rfc8 20. c3 c5 21. Bc1 Qa4 22. Bb5 Qc2 23. Bxd7 Rc6 24. Bxc6 Nxc6 25. Be3 cxd4 26. cxd4 Qe4 27. Kf2 Rf8 28. Rd1 Rc8 29. Rac1 Rf8 30. Qe2 Qf5 31. Qd3 Qg4 32. Rg1 Qh3 33. Rh1 Qg4 34. Rcg1 Qf5 35. Qxf5 exf5 36. Rc1 Rc8 37. Rhd1 Kf8 38. Rd2 Ke7 39. Ne1 Kd7 40. Nd3 Nxd4 41. Rxc8 Kxc8 42. Nb4 Ne6 43. Bxb6 axb6 44. Nxd5 b5 45. Ke3 Kd7 46. Nf6+ Kc6 47. Rd7 b4 48. Rxf7 Nc5 49. Re7 Na4 50. Re6+ Kc5 51. Nd7+ Kc4 52. Nb6+ Nxb6 53. Rxb6 Kc3 54. Rxb7 Kc4 55. e6 Kc5 56. e7 Kc6 57. e8=Q+ Kxb7 58. Qxg6 Kc7 59. Qf6 Kd7 60. g6 Kc7 61. g7 Kb7 62. g8=Q Kc7 63. Qgg7+ Kc8 64. Qff8# 1-0

[Event "December 12 Late 2023"]
[Site "https://www.chess.com"]
[Date "2023.12.12"]
[Round "4"]
[White "Santos Flores, Alberto"]
[Black "Gruzman, Ilya"]
[Result "1-0"]
[Board "94"]
[TimeControl "180+1"]
[WhiteFideId "3601234"]
[BlackFideId "2812703"]
[WhiteElo "2549"]
[BlackElo "2362"]
[WhiteTeam "ECU"]
[BlackTeam "ISR"]
[WhiteClock "0:01:16"]
[BlackClock "0:00:00"]

1. e4 c5 2. Nf3 e6 3. g3 d5 4. exd5 exd5 5. d4 Nc6 6. Bg2 Bg4 7. c3 Nf6 8. O-O Be7 9. dxc5 Bxc5 10. Re1+ Be6 11. Nbd2 O-O 12. Nb3 Bb6 13. Nbd4 Qd7 14. Be3 Ne4 15. Nd2 Nc5 16. Nxe6 fxe6 17. Nb3 Nxb3 18. axb3 Bxe3 19. Rxe3 Rae8 20. b4 a6 21. Qg4 Rf6 22. Rae1 d4 23. Rd3 Qf7 24. Bxc6 bxc6 25. Qxd4 Rf5 26. f4 h5 27. Re5 h4 28. Rde3 h3 29. Qe4 Rf6 30. Qxc6 1-0

[Event "December 12 Late 2023"]
[Site "https://www.chess.com"]
[Date "2023.12.12"]
[Round "4"]
[White "Storn, Justin"]
[Black "Shapiro, Viktor"]
[Result "1-0"]
[Board "95"]
[TimeControl "180+1"]
[WhiteFideId "30922720"]
[BlackFideId "4175700"]
[WhiteElo "2359"]
[BlackElo "2524"]
[WhiteTeam "USA"]
[BlackTeam "RUS"]
[WhiteClock "0:00:07"]
[BlackClock "0:00:01"]

1. Nf3 Nf6 2. g3 c5 3. Bg2 g6 4. O-O Bg7 5. c4 O-O 6. Nc3 Nc6 7. d3 d6 8. a3 a6 9. Rb1 Rb8 10. b4 cxb4 11. axb4 b5 12. cxb5 axb5 13. Be3 e5 14. d4 e4 15. Nd2 d5 16. f3 Bf5 17. fxe4 dxe4 18. Nb3 Ng4 19. Bf4 Nxd4 20. h3 Qb6 21. Kh1 Nxb3 22. hxg4 Rbc8 23. Nd5 Qb7 24. gxf5 Nd4 25. f6 Qxd5 26. fxg7 Rfe8 27. e3 g5 28. Qxd4 Qxd4 29. exd4 gxf4 30. gxf4 f5 31. Bh3 Rcd8 32. Rbd1 Kxg7 33. Bxf5 e3 34. Rfe1 Rf8 35. Bd3 Rxf4 36. Bxb5 Rfxd4 37. Rxd4 Rxd4 38. Rb1 Rd2 39. Kg1 Kf6 40. Kf1 Ke5 41. Rb3 Kd4 42. Be2 Rc2 43. Ke1 Rc1+ 44. Bd1 h5 45. b5 Rc7 46. b6 Rb7 47. Bf3 Rb8 48. b7 h4 49. Rb4+ Kc5 50. Rxh4 1-0

[Event "December 12 Late 2023"]
[Site "https://www.chess.com"]
[Date "2023.12.12"]
[Round "4"]
[White "Tikhonov, Viacheslav"]
[Black "Khokhlova, Daria"]
[Result "1-0"]
[Board "96"]
[TimeControl "180+1"]
[WhiteFideId "44196407"]
[BlackFideId "24182729"]
[WhiteElo "2517"]
[BlackElo "2349"]
[WhiteTeam "RUS"]
[BlackTeam "FID"]
[WhiteClock "0:00:26"]
[BlackClock "0:00:09"]

1. e4 c5 2. Nf3 d6 3. Nc3 Nf6 4. e5 dxe5 5. Nxe5 a6 6. g3 Qd6 7. f4 Nc6 8. Nc4 Qc7 9. Ne3 e6 10. Bg2 Be7 11. a4 O-O 12. O-O b6 13. d3 Bb7 14. Bd2 Nd4 15. Ne4 b5 16. c3 Nf5 17. Nxf5 exf5 18. Nxf6+ Bxf6 19. axb5 Bxg2 20. Kxg2 axb5 21. Qf3 Rad8 22. Rad1 Rd7 23. Be3 Rfd8 24. Bf2 Rd5 25. Rd2 R8d7 26. Rfd1 Qd8 27. d4 cxd4 28. Bxd4 g6 29. Qe3 Bxd4 30. Rxd4 Rxd4 31. Rxd4 Rxd4 32. Qxd4 Qxd4 33. cxd4 Kf8 34. Kf3 Ke7 35. Ke3 Kd6 36. Kd3 Kd5 37. Kc3 f6 38. Kb4 Kxd4 39. Kxb5 g5 40. b4 gxf4 41. gxf4 Ke4 42. Kc5 Kxf4 43. b5 Ke3 44. b6 f4 45. b7 f3 46. b8=Q f2 47. Qb5 f5 48. Qf1 f4 49. Kd5 f3 50. Ke5 h5 51. h4 1-0

[Event "December 12 Late 2023"]
[Site "https://www.chess.com"]
[Date "2023.12.12"]
[Round "4"]
[White "Ruiz Aguilar, Pablo Alexander"]
[Black "Leenhouts, Koen"]
[Result "0-1"]
[Board "97"]
[TimeControl "180+1"]
[WhiteFideId "4401352"]
[BlackFideId "1008439"]
[WhiteElo "2348"]
[BlackElo "2516"]
[WhiteTeam "COL"]
[BlackTeam "NED"]
[WhiteClock "0:00:04"]
[BlackClock "0:00:23"]

1. e4 c6 2. d4 d5 3. exd5 cxd5 4. c4 Nf6 5. Nc3 Nc6 6. Bg5 e6 7. Nf3 Be7 8. c5 Ne4 9. Bxe7 Qxe7 10. Bb5 O-O 11. Bxc6 bxc6 12. O-O Rb8 13. Qc2 f5 14. Ne5 Qc7 15. f3 Nxc5 16. Rfe1 Nd7 17. Na4 Nxe5 18. Rxe5 Rb4 19. Rae1 Rxd4 20. Nc5 Rc4 21. Qf2 Qb6 22. Nxe6 Bxe6 23. Rxe6 Qxf2+ 24. Kxf2 Rc2+ 25. R1e2 Rxe2+ 26. Kxe2 Rb8 27. b3 Rb6 28. Re7 a5 29. Ra7 Rb5 30. Kd3 Rc5 31. Kd4 Rc2 32. Rxa5 Rxg2 33. Kc5 Rc2+ 34. Kd6 d4 35. Ke6 h6 36. Kxf5 d3 37. Ra8+ Kh7 38. Rd8 Rxh2 39. Rxd3 Rxa2 40. Rc3 Ra5+ 41. Kg4 c5 42. f4 Rb5 43. Rd3 Kg6 44. f5+ Kf6 45. Rd6+ Ke7 46. Rg6 Kf7 47. Rc6 Rb4+ 48. Kh5 Rb5 49. Kg4 Rxb3 50. Rxc5 Rb1 51. Rc6 Rg1+ 52. Kf4 Rg5 53. Rc7+ Kg8 54. Rc6 Rg1 55. Rc7 Kh7 56. f6 Rf1+ 57. Kg3 Rxf6 58. Rc5 Rg6+ 59. Kh4 Rf6 60. Kg4 Rg6+ 61. Kh4 Ra6 62. Kg4 Ra1 63. Rc6 Ra4+ 64. Kh3 Rb4 65. Kg3 h5 66. Kh3 Rg4 67. Kh2 g6 68. Kh3 Kh6 69. Rc5 Ra4 70. Kg3 Ra3+ 71. Kh2 h4 72. Kg2 g5 73. Kh2 Kh5 74. Rc4 Rb3 75. Kg2 Rb2+ 76. Kh1 Rb3 77. Kg2 Rg3+ 78. Kh2 Rg4 79. Rc3 Ra4 80. Rc2 Ra3 81. Rc4 Ra2+ 82. Kh3 g4+ 83. Rxg4 Ra3+ 84. Kg2 Kxg4 85. Kh2 Ra8 86. Kg2 Rb8 87. Kh2 Rc8 88. Kg1 Rd8 89. Kf2 Re8 90. Kg2 Rf8 91. Kh2 Rf2+ 92. Kg1 Kg3 93. Kh1 Rf1# 0-1

[Event "December 12 Late 2023"]
[Site "https://www.chess.com"]
[Date "2023.12.12"]
[Round "4"]
[White "Reprintsev, Alexander"]
[Black "Ward, Ieuan C"]
[Result "1-0"]
[Board "98"]
[TimeControl "180+1"]
[WhiteFideId "14100541"]
[BlackFideId "406627"]
[WhiteElo "2515"]
[BlackElo "2348"]
[WhiteTeam "UKR"]
[BlackTeam "ENG"]
[WhiteClock "0:00:52"]
[BlackClock "0:00:04"]

1. e4 c5 2. b3 d5 3. exd5 Qxd5 4. Nc3 Qd6 5. Ba3 Nd7 6. Nf3 Ngf6 7. d4 Qc7 8. Nb5 Qb6 9. dxc5 Nxc5 10. Qd4 e6 11. O-O-O Be7 12. Nd6+ Bxd6 13. Qxd6 Qxd6 14. Rxd6 Nce4 15. Bb5+ Bd7 16. Bxd7+ Nxd7 17. Rd4 Nef6 18. Rhd1 O-O-O 19. Ng5 Ne5 20. Bb2 Rxd4 21. Bxd4 Nc6 22. Nxf7 Rf8 23. Nd6+ Kc7 24. Nb5+ Kb8 25. Bc5 Rh8 26. Bd6+ Kc8 27. f3 Nd5 28. Re1 Kd7 29. Bg3 a6 30. Nd6 b5 31. Ne4 Nd8 32. Nc5+ Kc6 33. Nxe6 Nxe6 34. Rxe6+ Kb7 35. Rd6 Nc3 36. Rd7+ Kb6 37. Rxg7 Nxa2+ 38. Kb2 Nb4 39. Bf2+ Ka5 40. Rb7 Rc8 41. Bb6# 1-0

[Event "December 12 Late 2023"]
[Site "https://www.chess.com"]
[Date "2023.12.12"]
[Round "4"]
[White "Krzywda, Andrzej"]
[Black "Gerola, Fausto"]
[Result "0-1"]
[Board "99"]
[TimeControl "180+1"]
[WhiteFideId "1114565"]
[BlackFideId "845175"]
[WhiteElo "2513"]
[BlackElo "2343"]
[WhiteTeam "POL"]
[BlackTeam "ITA"]
[WhiteClock "0:00:00"]
[BlackClock "0:00:06"]

1. e4 e5 2. Nf3 Nc6 3. Bb5 a6 4. Ba4 Nf6 5. O-O b5 6. Bb3 Nxe4 7. d4 d5 8. dxe5 Be6 9. c3 Nc5 10. Bc2 Be7 11. Nbd2 d4 12. Nb3 dxc3 13. bxc3 Qxd1 14. Rxd1 Rd8 15. Be3 Na4 16. Rxd8+ Nxd8 17. Nbd4 Nxc3 18. a4 b4 19. Nxe6 Nxe6 20. a5 O-O 21. Bd3 Ra8 22. Nd2 Bc5 23. Bc4 Bxe3 24. fxe3 Nc5 25. Rf1 Rf8 26. Nb3 Nxb3 27. Bxb3 g6 28. Bc4 Kg7 29. Bxa6 Ra8 30. Bc4 Rxa5 31. Rxf7+ Kh6 32. Rxc7 Rxe5 33. Bg8 Rxe3 34. Rxh7+ Kg5 35. Rb7 Re4 36. Kf2 Rd4 37. Ke3 Rg4 38. g3 Nd1+ 39. Ke2 Nc3+ 40. Kf3 Rd4 41. Ke3 Rg4 42. Rb6 Nd1+ 43. Ke2 Nc3+ 44. Kf3 Rd4 45. Ke3 Rg4 46. Bf7 Kh6 47. Kf3 Rd4 48. Rxg6+ Kh7 49. Rb6 Nd1 50. g4 Kg7 51. Be6 Rd2 52. h4 Nb2 53. g5 Nd3 54. Ke3 Rd1 55. Ke2 Nb2 56. Rxb4 Rd6 57. Bf5 Nd1 58. Rb7+ Kf8 59. Rd7 Nc3+ 60. Kf3 Rc6 61. Kg4 Ne2 62. Ra7 Rc4+ 63. Kh5 Rf4 64. Bd3 Nd4 65. g6 Ne6 66. Ra8+ Kg7 67. Ra7+ Kf8 68. Bb5 Rf5+ 69. Kh6 Rxb5 70. g7+ Nxg7 0-1

[Event "December 12 Late 2023"]
[Site "https://www.chess.com"]
[Date "2023.12.12"]
[Round "4"]
[White "Munoz Sanchez, Miguel"]
[Black "Chylewski, Patryk"]
[Result "1/2-1/2"]
[Board "100"]
[TimeControl "180+1"]
[WhiteFideId "3600734"]
[BlackFideId "1186191"]
[WhiteElo "2340"]
[BlackElo "2512"]
[WhiteTeam "ECU"]
[BlackTeam "POL"]
[WhiteClock "0:00:04"]
[BlackClock "0:00:04"]

1. d4 Nf6 2. Nf3 g6 3. g3 Bg7 4. Bg2 O-O 5. O-O d6 6. c4 Nbd7 7. Nc3 e5 8. e4 c6 9. dxe5 dxe5 10. Qc2 Qc7 11. b3 Re8 12. Rd1 Bf8 13. Bb2 a5 14. h4 Nc5 15. Rd2 Bg4 16. Rad1 Ne6 17. Na4 Bxf3 18. Bxf3 Bb4 19. Rd3 Rad8 20. c5 Rxd3 21. Rxd3 Nd4 22. Bxd4 exd4 23. Rxd4 Qe5 24. Rd1 Nxe4 25. Bxe4 Qxe4 26. Qxe4 Rxe4 27. Rd7 Re2 28. Rxb7 Rxa2 29. Rb6 Be1 30. Rxc6 Bxf2+ 31. Kf1 Bxg3 32. h5 gxh5 33. Ra6 h4 34. Nc3 Rc2 35. Ne4 Bf4 36. Rf6 Be3 37. c6 Bd4 38. Rh6 Kg7 39. Rxh4 Rxc6 40. Ng5 h6 41. Nxf7 Kxf7 42. Rxd4 Re6 43. Kg2 Rb6 44. Rd3 Rb4 45. Kg3 Kf6 46. Rc3 Ke6 47. Rc6+ Kd5 48. Rxh6 Rxb3+ 49. Kf2 a4 50. Ra6 a3 51. Ke2 Kc4 52. Kd2 Kb4 53. Kc2 Rb2+ 54. Kc1 Rh2 55. Ra8 Rh1+ 56. Kc2 Rh2+ 57. Kb1 Kb3 58. Rb8+ Ka4 59. Ra8+ Kb3 60. Rb8+ Kc3 61. Rc8+ Kb4 62. Rb8+ Kc5 63. Rc8+ Kb5 64. Ra8 Kb4 65. Rb8+ Kc3 66. Rc8+ Kb3 67. Rb8+ 1/2-1/2

[Event "December 12 Late 2023"]
[Site "https://www.chess.com"]
[Date "2023.12.12"]
[Round "4"]
[White "YurasovMat-2012"]
[Black "Gerbelli Neto, Eduardo"]
[Result "1-0"]
[Board "101"]
[TimeControl "180+1"]
[BlackFideId "2103281"]
[WhiteElo "2511"]
[BlackElo "2339"]
[BlackTeam "BRA"]
[WhiteClock "0:01:50"]
[BlackClock "0:00:16"]

1. e4 e5 2. Nf3 Nc6 3. Bc4 Nf6 4. d3 Bc5 5. O-O d6 6. c3 a5 7. h3 O-O 8. Re1 h6 9. d4 Ba7 10. Bf1 Re8 11. d5 Ne7 12. c4 Ng6 13. Nc3 c6 14. Be3 Nh5 15. Qd2 Nhf4 16. Rad1 c5 17. Kh2 Qf6 18. Ng1 Bb6 19. g3 Nh5 20. Be2 Nhf4 21. Bf1 Nh5 22. Qe2 Nhf4 23. gxf4 exf4 24. Bd2 Ne5 25. Nf3 g5 26. Nxe5 Qxe5 27. f3 a4 28. a3 Ba5 29. Nb5 Bxd2 30. Qxd2 h5 31. Qc3 Qe7 32. e5 dxe5 33. d6 Qe6 34. Nc7 1-0